 Dungeon Crawl Stone Soup version 0.27-a0-1046-g98bf31544f (webtiles) character file.

Game seed: 16047259135207810222

0 spiderkeys the Skirmisher (level 1, -2/19 HPs)
             Began as a Hill Orc Abyssal Knight on Apr 19, 2021.
             Was a Follower of Lugonu.
             Slain by a smoke demon (3 damage)
             ... on level 1 of the Abyss.
             The game lasted 00:00:31 (127 turns).

spiderkeys the Skirmisher (Hill Orc Abyssal Knight)  Turns: 127, Time: 00:00:31

Health: -2/19      AC:  3    Str: 14    XL:     1   Next: 0%
Magic:  2/2        EV: 11    Int: 12    God:    Lugonu [*.....]
Gold:   0          SH:  0    Dex: 10    Spells: 0/0 levels left

rFire    . . .     SeeInvis .   a - +1 hand axe
rCold    . . .     Faith    .   (no shield)
rNeg     . . .     Spirit   .   b - +0 leather armour
rPois    .         Reflect  .   (no helmet)
rElec    .         Harm     .   (no cloak)
rCorr    .         Rampage  .   (no gloves)
Will     .....                  (no boots)
Stlth    +.........             (no amulet)
HPRegen  0.06/turn              (no ring)
MPRegen  0.08/turn              (no ring)

@: no status effects
A: no striking features
a: Renounce Religion, Depart the Abyss


You were on level 1 of the Abyss.
You worshipped Lugonu.
Lugonu was aware of your devotion.
You visited 0 branches of the dungeon, and saw 0 of its levels.
You visited the Abyss 1 time.


   Skills:
 + Level 3.6 Fighting
 + Level 2.6 Axes
 + Level 2.1 Armour
 + Level 0.7 Dodging
 + Level 2.4 Invocations


You couldn't memorise any spells.
You didn't know any spells.
Your spell library was empty.

Inventory:

Hand Weapons
 a - a +1 hand axe (weapon)
Armour
 b - a +0 leather armour (worn)
Potions
 c - a potion of berserk rage {unknown}
 d - a potion of invisibility {unknown}

Dungeon Overview and Level Annotations

Branches:
Dungeon (0/15)

Altars:

### . ## ##..#
# .##.###
###..# ..# ....
#.###.X#.#...#
# .
#...3.......#
.. #
##.##.@..##.##
##..#
#.##..#...# .
.##.#.##.#...##
... ## #.#.
.### .#
.....3#. ##
...#....... ..
#...##..#. . ##
..##.. #### #
#....


You could see a large abomination and a smoke demon.


Message History

🤖 Initializing magus.rc ... ✅ Successfully initialized magus.rc [v1.9.10] Welcome, spiderkeys the Hill Orc Abyssal Knight.
It is said that the Orb of Zot exists deep within this dungeon.
Lugonu says: Depart the Abyss and spread corruption, my servant! (use the ability menu to exit the Abyss) Press ? for a list of commands and other information.
Found a corrupted altar of Lugonu.
Found a gateway leading out of the Abyss.
There is a gateway leading out of the Abyss here.
Unknown command.
You are suddenly pulled into a different region of the Abyss!
Unknown command.
c - a bubbling amethyst potion
d - a fizzy ruby potion A smoke demon comes into view.
A large abomination comes into view.
You hit the lurking horror.
Your body is wracked with pain!
You hit the large abomination but do no damage.
The large abomination hits you.
* * * LOW HITPOINT WARNING * * *
😨 HP[-13]
You take 13 damage, and now have 6/19 hp.
MASSIVE DAMAGE!! (PAUSE)
The smoke demon hits you.
* * * LOW HITPOINT WARNING * * *
The smoke demon hits you.
You die...

Action                   || total
-------------------------++-------
Melee: Hand axe          ||     1

Levels and vault maps discovered:
Abyss:1:  base: Temple, base: Temple, evilmike_abyss_exit_vortex

Notes
Turn   | Place    | Note
-------+----------+-------------------------------------------
     0 | Abyss:1  | spiderkeys the Hill Orc Abyssal Knight began the quest for
                  | the Orb.
     0 | Abyss:1  | Reached XP level 1. HP: 19/19 MP: 2/2
     0 | Abyss:1  | magus.rc [v1.9.10]
   118 | Abyss:1  | Noticed a smoke demon
   121 | Abyss:1  | Noticed a large abomination
   127 | Abyss:1  | HP: 1/19 [smoke demon (5)]
   127 | Abyss:1  | Slain by a smoke demon

Vanquished Creatures
  A lurking horror (Abyss:1)
1 creature vanquished.

Table legend:
 A = Non-vault XP
 B = Vault XP
 C = Vault XP percentage of total XP
 D = Non-vault monster count
 E = Vault monster count
 F = Vault count percentage of total count
                 A         B        C        D         E       F
            +---------+---------+-------+---------+---------+-------
      Total |       0 |       0 |   N/A |       0 |       0 |  -nan
            +---------+---------+-------+---------+---------+-------
            +---------+---------+-------+---------+---------+-------

Illustrated notes

Table legend: (Time is in decaauts)
 A = Elapsed time spent in this place.
 B = Non-inter-level travel time spent in this place.
 C = Inter-level travel time spent in this place.
 D = Time resting spent in this place.
 E = Time spent auto-exploring this place.
 F = Levels seen in this place.
 G = Mean time per level.
                   A        B        C        D        E       F      G
               +--------+--------+--------+--------+--------+-----+--------+
         Total |    127 |    127 |      0 |      0 |     45 |   1 |  127.0 |
         Abyss |    127 |    127 |      0 |      0 |     45 |   1 |  127.0 |
               +--------+--------+--------+--------+--------+-----+--------+

Top non-repeatable levels by time:
 Abyss:1: 127 daAuts
